 Dungeon Crawl Stone Soup version 0.27-a0-1347-gd8886f0a89 (webtiles) character file.

Game seed: 3244291772953001928

4 nyamberluvr69 the Charlatan (level 1, 0/9 HPs)
             Began as a Spriggan Artificer on June 27, 2021.
             Slain by a goblin (2 damage)
             ... on level 1 of the Dungeon.
             The game lasted 00:01:43 (62 turns).

nyamberluvr69 the Charlatan (Spriggan Artificer)      Turns: 62, Time: 00:01:44

Health: 0/9        AC:  9    Str:  8    XL:     1   Next: 50%
Magic:  2/2        EV: 17    Int: 12    God:
Gold:   10         SH:  0    Dex: 15    Spells: 0/0 levels left

rFire    . . .     SeeInvis +   f - +2 short sword (protect)
rCold    . . .     Faith    .   (shield restricted)
rNeg     . . .     Spirit   .   b - +0 robe
rPois    .         Reflect  .   (helmet restricted)
rElec    .         Harm     .   (no cloak)
rCorr    .         Rampage  .   (gloves unavailable)
Will     .....                  (boots unavailable)
Stlth    ++........             (no amulet)
HPRegen  0.03/turn              (no ring)
MPRegen  0.08/turn              (no ring)

@: under a protective aura, very quick
A: very small, no large weapons, unfitting armour, see invisible, speed 3
a: no special abilities


You were on level 1 of the Dungeon.
You visited 1 branch of the dungeon, and saw 1 of its levels.

You collected 10 gold pieces.

Inventory:

Hand Weapons
 a - a +0 club
 f - a +2 short sword of protection (weapon)
Armour
 b - a +0 robe (worn)
Wands
 c - a wand of flame (10) (quivered)
 d - a wand of charming (15)
Scrolls
 g - a scroll of magic mapping {unknown}
Miscellaneous
 e - a piece from Xom's chessboard (15/15)


   Skills:
 - Level 0.7 Fighting
 * Level 0.2 Short Blades
 - Level 3.2 Dodging
 - Level 1.5 Stealth
 + Level 4.3 Evocations


You couldn't memorise any spells.
You didn't know any spells.
Your spell library was empty.

Dungeon Overview and Level Annotations

Branches:
Dungeon (1/15)

Altars:


Innate Abilities, Weirdness & Mutations

You are very small and have problems with some larger weapons.
You are too small for most types of armour.
You have supernaturally acute eyesight. (SInv)
You cover ground extremely quickly. (Speed+++)


Message History

The quokka completely misses you. The goblin closely misses you.
The quokka misses you.
You hit the quokka.
The quokka is almost dead.
The quokka bites you. The goblin misses you.
You closely miss the quokka.
The quokka is almost dead.
The quokka bites you but does no damage.
The goblin hits you with a +0 club.
You see here 19 stones.
Aiming: Throw Flame
Press: ? - help, Shift-Dir - straight line, f - quokka
Aim: a quokka (almost dead, 60% to hit)
The puff of flame misses the quokka.
The quokka bites you.
Aiming: Throw Flame
Press: ? - help, Shift-Dir - straight line, f/p - quokka
Aim: a quokka (almost dead, 60% to hit)
The puff of flame hits the quokka!
You kill the quokka!
Aiming: Throw Flame
Press: ? - help, Shift-Dir - straight line, f - goblin
Aim: a goblin, wielding a +0 club (64% to hit)
The puff of flame misses the goblin.
The puff of flame hits the quokka!
You kill the quokka!
The goblin misses you.
You hit the goblin but do no damage.
Your weapon exudes an aura of protection.
The goblin closely misses you.
You closely miss the goblin. The goblin hits you with a +0 club.
* * * LOW HITPOINT WARNING * * *
You hit the goblin.
The goblin is severely wounded.
The goblin misses you. The goblin hits you but does no damage.
You barely miss the goblin.
The goblin is severely wounded.
The goblin completely misses you.
You miss the goblin.
The goblin is severely wounded.
The goblin hits you with a +0 club.
You die...

...###.###......#.#.##
..........##..#.#.#...
###......#.....#.....
#...........#####.... #
#.....#........ #..#.
###.##.....#.####... #.[#.
#......†...†............#.
#...##....g##.......###...
#.. #...@.# ....... #.#.
#.....# g...... #.#.
#.....# ....... .. #######
....... ....... ...(#..


You could see a goblin.

Vanquished Creatures
  A kobold (D:1)
  2 quokkas (D:1)
3 creatures vanquished.

Notes
Turn   | Place    | Note
-------+----------+-------------------------------------------
     0 | D:1      | nyamberluvr69 the Spriggan Artificer began the quest for
                  | the Orb.
     0 | D:1      | Reached XP level 1. HP: 9/9 MP: 2/2
    62 | D:1      | Slain by a goblin

Illustrated notes

Levels and vault maps discovered:
D:1:      saegor_arrival_simple_b, layout_basic,
          hellmonk_ecumenical_altar_zigzags

Action                   || total
-------------------------++-------
Melee: Short sword       ||     9
Evoke: Wand              ||     5
Armor: Robe              ||     2
Dodge: Dodged            ||     9

Table legend: (Time is in decaauts)
 A = Elapsed time spent in this place.
 B = Non-inter-level travel time spent in this place.
 C = Inter-level travel time spent in this place.
 D = Time resting spent in this place.
 E = Time spent auto-exploring this place.
 F = Levels seen in this place.
 G = Mean time per level.
                   A        B        C        D        E       F      G
               +--------+--------+--------+--------+--------+-----+--------+
         Total |     45 |     45 |      0 |      0 |      9 |   1 |   45.0 |
       Dungeon |     45 |     45 |      0 |      0 |      9 |   1 |   45.0 |
               +--------+--------+--------+--------+--------+-----+--------+

Top non-repeatable levels by time:
     D:1: 45 daAuts
